 Dungeon Crawl Stone Soup version 0.26-a0-639-g72c4674 (webtiles) character file.

Game seed: 14912628429128836490

179 robertstho the Skirmisher (level 5, 0/42 HPs)
             Began as a Demonspawn Abyssal Knight on Sept 15, 2020.
             Was a Believer of Lugonu.
             Slain by an orc
             ... wielding a +0 whip
              (2 damage)
             ... on level 3 of the Dungeon.
             The game lasted 00:02:34 (2800 turns).

robertstho the Skirmisher (DsAK)                    Turns: 2800, Time: 00:02:34

Health: 0/42       AC:  6    Str: 12 (13) XL:     5   Next: 33%
Magic:  15/16      EV:  9    Int: 11 (14) God:    Lugonu [**....]
Gold:   114        SH:  0    Dex:  9 (12) Spells: 4/4 levels left

rFire    + . .     SeeInvis .   a - +1 spear
rCold    . . .     Faith    .   (no shield)
rNeg     . . .     Spirit   .   h - +0 scale mail
rPois    .         Reflect  .   (no helmet)
rElec    .         Harm     .   (no cloak)
rCorr    .         Rampage  .   (no gloves)
MR       .....                  (no boots)
Stlth    ..........             (no amulet)
HPRegen  0.14/turn              q - ring of magical power
MPRegen  0.15/turn              (no ring)

@: flying
A: hooves 1, fire resistance 1
a: Depart the Abyss, Bend Space, Renounce Religion


You were on level 3 of the Dungeon.
You worshipped Lugonu.
Lugonu was pleased with you.
You visited 1 branch of the dungeon, and saw 3 of its levels.
You visited the Abyss 1 time.

You collected 114 gold pieces.

Inventory:

Hand Weapons
 a - a +1 spear (weapon)
 c - a +2 short sword of speed
Missiles
 i - 11 poisoned darts (quivered)
 l - 4 javelins
Armour
 b - a +0 leather armour
 h - a +0 scale mail (worn)
Jewellery
 q - a ring of magical power (left hand)
Scrolls
 f - a scroll of enchant weapon {unknown}
 g - a scroll of teleportation {unknown}
 k - a scroll of amnesia {unknown}
 m - a scroll of identify {unknown}
 n - a scroll of enchant armour {unknown}
 p - a scroll of blinking {unknown}
Potions
 e - a potion of flight


   Skills:
 * Level 3.9 Fighting
 * Level 3.1 Polearms
 * Level 3.0 Armour
 * Level 1.3 Dodging
 * Level 3.3 Invocations


You had 4 spell levels left.
You didn't know any spells.
Your spell library was empty.

Dungeon Overview and Level Annotations

Branches:
Dungeon (3/15)

Altars:


Innate Abilities, Weirdness & Mutations

You have large cloven feet.
Your flesh is heat resistant. (rF+)


Message History

As you read the scroll labeled XASOIB NOREAR, it crumbles to dust.
You feel aware of your surroundings.
You sensed 2 altars.
It was a scroll of magic mapping.
Okay, then.
You hit the orc priest.
The orc priest is almost dead.
You hit the orc priest but do no damage.
The orc priest is almost dead.
The orc priest hits you but does no damage.
You barely miss the orc priest.
The orc priest is almost dead.
The orc priest invokes the aid of Beogh against you.
Beogh smites you!
* * * LOW HITPOINT WARNING * * *
You hit the orc priest.
You kill the orc priest!
Lugonu accepts your kill.
Your Polearms skill increases to level 3!
The orc hits you with a +0 whip.
You die...

##**************,*
#.,,,,,,,,,,,,,,,*
#.#*************,****
*********##*#.# *,,,,,
*,,,,,,,,..,#.# ******
*,****####.*#.########### *** *,*
#....*#.((........#******,,
*,**###..).##..#)o......#*,,,,,,,
*,*,.......ยง.o.#@.......#*,,,,,,,
*,*,######.#)()#........#*,,.,,,,
,,,,*,,,...#o..#........#*.....,,
,,,,*,*###.#...#........##....,,,
,,,,,,,,,......#.............,,,,
,,,,**,,,......##.......###.#**,,
,,,,,,,,.....#.#####......#.###,,
***,**,*...#.#.............(..,,,
,,,,,,,..###.#.#####.#..#.#.#####


You could see an orc.

Vanquished Creatures
  An orc priest (D:3)
  An orc wizard (D:3)
  4 adders
  4 oozes
  3 worms
  A dart slug (D:3)
  3 leopard geckos
  An orc (D:3)
  5 bats
  4 giant cockroaches
  3 goblins
  6 hobgoblins
  4 jackals (D:1)
  8 kobolds
  3 frilled lizards
  11 rats
  2 toadstools (D:1)
64 creatures vanquished.

Vanquished Creatures (others)
  3 plants (D:2)
  2 toadstools (D:1)
5 creatures vanquished.

Grand Total: 69 creatures vanquished

Notes
Turn   | Place    | Note
-------+----------+-------------------------------------------
     0 | Abyss:1  | robertstho the Demonspawn Abyssal Knight began the quest
                  | for the Orb.
     0 | Abyss:1  | Reached XP level 1. HP: 18/18 MP: 2/2
   105 | Abyss:1  | Noticed a small abomination
   105 | Abyss:1  | Noticed a golden dragon zombie
   106 | D:1      | Escaped the Abyss
   181 | D:1      | Reached skill level 1 in Dodging
   424 | D:1      | Reached * piety under Lugonu
   424 | D:1      | Gained mutation: Your flesh is heat resistant. (rF+)
                  | [demonic ancestry]
   424 | D:1      | Reached XP level 2. HP: 24/24 MP: 3/3
  1185 | D:1      | Gained mutation: You have large cloven feet. [demonic
                  | ancestry]
  1185 | D:1      | Reached XP level 3. HP: 30/30 MP: 4/4
  1762 | D:2      | Reached ** piety under Lugonu
  1762 | D:2      | Reached XP level 4. HP: 20/37 MP: 6/6
  2783 | D:3      | Reached XP level 5. HP: 37/42 MP: 7/7
  2799 | D:3      | HP: 2/42 [orc priest/divine providence (12)]
  2800 | D:3      | Slain by an orc

Illustrated notes

Levels and vault maps discovered:
D:1:      ldierk_water_garden, layout_basic, grunt_decor_clamped
D:2:      layout_basic, lexackson_kobold_supper
D:3:      layout_basic, grunt_gozag_statues, gammafunk_ghost_arena,
          chequers_ecumenical_altar_island

Skill      XL: |  1  2  3  4  5 |
---------------+----------------+-----
Dodging        | 1 |  1.3
Armour         | 2 3 |  3.0
Polearms       | 2 3 |  3.1
Invocations    | 3 |  3.3
Fighting       | |  3.9

Action                   |  1- 3 |  4- 6 || total
-------------------------+-------+-------++-------
Melee: Spear             |   135 |    99 ||   234
       Kick              |     8 |    17 ||    25
Invok: Depart the Abyss  |     1 |       ||     1
       Bend Space        |       |     2 ||     2
  Use: Potion            |       |     3 ||     3
       Scroll            |       |     1 ||     1
Armor: Leather armour    |    27 |       ||    27
       Scale mail        |    29 |    25 ||    54
Dodge: Dodged            |    72 |    37 ||   109

Table legend: (Time is in decaauts)
 A = Elapsed time spent in this place.
 B = Non-inter-level travel time spent in this place.
 C = Inter-level travel time spent in this place.
 D = Time resting spent in this place.
 E = Time spent auto-exploring this place.
 F = Levels seen in this place.
 G = Mean time per level.
                   A        B        C        D        E       F      G
               +--------+--------+--------+--------+--------+-----+--------+
         Total |   2797 |   2666 |    131 |    223 |   2034 |   4 |  699.2 |
       Dungeon |   2691 |   2560 |    131 |    223 |   1934 |   3 |  897.0 |
         Abyss |    106 |    106 |      0 |      0 |    100 |   1 |  106.0 |
               +--------+--------+--------+--------+--------+-----+--------+

Top non-repeatable levels by time:
     D:1: 1389 daAuts
     D:2: 968 daAuts
     D:3: 334 daAuts
 Abyss:1: 106 daAuts
